Cogmind - Beta 16 --- EXPLORER MODE // 2026.01.23 @ 12:44:58 Player: K.K.Y. Result: Destroyed by EY-6I5(R) with Subdweller Machine Gun Performance ------------- Evolutions (0) 0 Regions Visited (3) 600 Robots Destroyed (41) 205 Value Destroyed (952) 952 Prototype IDs (0) 0 Alien Tech Used (0) 0 Bonus (-15) -15 TOTAL SCORE: 1742 Bonus ------- Friendly Fire -15 Cogmind --------- Core Integrity 0/250 Matter 270/300 Energy 170/170 System Corruption 0% Temperature Cool (0) Movement Treading (160) Location -10/Subcaves Parts ------- > --- POWER (1) -------- Makeshift Power Source > --- PROPULSION (2) --- Improved Treads Improved Treads > --- UTILITY (3) ------ Medium Storage Unit Structural Scanner Sensor Array > --- WEAPON (2) ------- Makeshift Laser Heavy Assault Rifle > --- INVENTORY (10) --- Light Nuclear Core Improved Heat Sink Improved Heat Sink High-capacity Storage Unit Huge Storage Unit Experimental Sensor Array Improved Terrain Scanner Makeshift Light Armor Plating Multitool Makeshift Axe Peak State ------------ > --- POWER ------------ Makeshift Power Source > --- PROPULSION ------- Improved Treads Improved Treads > --- UTILITY ---------- Medium Storage Unit Structural Scanner Sensor Array > --- WEAPON ----------- Makeshift Laser Heavy Assault Rifle > --- INVENTORY -------- Light Nuclear Core Improved Heat Sink Improved Heat Sink Improved Heat Sink High-capacity Storage Unit Huge Storage Unit Experimental Sensor Array Improved Terrain Scanner Multitool Makeshift Axe [Rating: 20] Favorites ----------- Power Light Nuclear Core Engine Makeshift Power Source Power Core Light Nuclear Core Propulsion Improved Treads Treads Improved Treads Utility Targeting Computer Device Structural Scanner Storage Medium Storage Unit Processor Targeting Computer Weapon Light Assault Rifle Energy Gun Small Laser Energy Cannon Beam Cannon Ballistic Gun Light Assault Rifle Build | -11 -10 -10 -10 ------- Run | Yrd Mat Min Sub Slots Evolved 1 | . 1 . . Power . | . . . . Propulsion . | . . . . Utility 1 | . 1 . . Weapon . | . . . . Parts Attached 27 | 7 10 5 5 Power 6 | 1 3 1 1 Engine 2 | 1 . . 1 Core 4 | . 3 1 . Reactor . | . . . . Propulsion 6 | 2 2 1 1 Treads 6 | 2 2 1 1 Leg . | . . . . Wheel . | . . . . Hover . | . . . . Flight . | . . . . Utility 6 | 2 3 1 . Device 2 | . 1 1 . Storage 2 | . 2 . . Processor 2 | 2 . . . Hackware . | . . . . Protection . | . . . . Artifact . | . . . . Weapon 9 | 2 2 2 3 Energy Gun 3 | . . 1 2 Energy Cannon 1 | . 1 . . Ballistic Gun 5 | 2 1 1 1 Ballistic Cannon . | . . . . Launcher . | . . . . Special Weapon . | . . . . Impact Weapon . | . . . . Slashing Weapon . | . . . . Piercing Weapon . | . . . . Special Melee Weapon . | . . . . Unidentified Prototypes . | . . . . Parts Lost 5 | . 2 3 . Power 1 | . 1 . . Propulsion 1 | . . 1 . Utility . | . . . . Weapon 3 | . 1 2 . Highest Loss Streak 2 | . 2 2 . To Critical Strikes . | . . . . Average Backups 8 | 1 7 9 10 Power . | . . 1 1 Propulsion . | . 1 1 . Utility 6 | 1 5 7 7 Weapon . | . . . . Tool/Special . | . . . . Unused Backups 13 | . 1 1 11 Power 1 | . . 1 . Propulsion . | . . . . Utility 9 | . 1 . 8 Weapon 1 | . . . 1 Tool/Special 2 | . . . 2 Average Slot Usage (%) 96 | . 93 98 100 Engine 4 | . 2 . 10 Core 7 | . 8 12 1 Treads 24 | . 24 24 25 Device 11 | . 1 15 25 Storage 9 | . 7 12 12 Processor 12 | . 23 8 . Energy Gun 5 | . . 6 12 Energy Cannon 2 | . 5 . . Ballistic Gun 16 | . 18 17 12 Peak Build Rating 20 | 7 14 14 20 Average Rating 13 | 6 11 13 17 On Entrance 8 | . 7 14 14 Avg Prop Armor Cover (%) . | . . . . Naked Turns . | . . . . Heaviest Build 23 | 7 19 19 23 Greatest Support 46 | 40 46 46 46 Greatest Overweight (x) 2 | . 2 . . Average Overweight (x) . | . . . . Largest Inventory Capacity 25 | 5 25 10 10 Average Capacity 8 | 5 8 10 10 Most Carried 10 | 5 10 10 10 Average Carried 8 | 1 7 9 9 Final Capacity 10 | 5 10 10 10 Final Carried 10 | 2 10 10 10 Class Distribution -------------------- 100% | Hacker-Mutant Dominant Class ---------------- Hacker-Mutant | -10/Materials Hacker-Mutant | -10/Mines Hacker-Mutant | -10/Subcaves Resources | -11 -10 -10 -10 ----------- Run | Yrd Mat Min Sub Matter Collected 671 | 324 171 94 82 Remotely . | . . . . Salvage Created 1412 | 237 707 217 251 Parts 102 | 22 42 20 18 Haulers Intercepted 2 | . 2 . . Recyclers Shooed . | . . . . Parts Field Recycled . | . . . . Retrieved Matter . | . . . . Parts Self-Destructed . | . . . . Prevented . | . . . . Parts Restored . | . . . . Kills | -11 -10 -10 -10 ------- Run | Yrd Mat Min Sub Combat Hostiles Destroyed 22 | . 11 6 5 Guns 17 | . 6 6 5 Cannons 5 | . 5 . . Classes Destroyed 11 | 2 5 1 3 Worker 1 | . 1 . . Builder 2 | . 2 . . Tunneler 10 | 9 . 1 . Hauler 2 | . 2 . . Recycler 2 | 1 1 . . Watcher 2 | . 2 . . Swarmer 2 | . . 2 . Grunt 15 | . 11 4 . Sentry 1 | . . . 1 Artisan 1 | . . . 1 Subdweller 4 | . . . 4 Best Kill Streak 3 | 2 3 2 2 Combat Bots Only 2 | . 2 2 2 Max Kills in Single Turn 2 | 1 1 1 2 Gunslinging 1 | . . . 1 Exploded . | . . . . Melee . | . . . . Uniques/NPCs Destroyed . | . . . . Combat | -11 -10 -10 -10 -------- Run | Yrd Mat Min Sub Hostile Shots Fired 145 | . 66 54 25 Missed 31 | . 12 12 7 Hits 114 | . 54 42 18 Projectile 114 | . 54 42 18 Critical Strikes 3 | . 1 1 1 Damage Taken 1058 | . 463 324 271 Core 258 | . 112 116 30 Absorbed by Shields . | . . . . Ignored by Resistances 653 | . 288 205 160 Core Remaining (%) 100 | 100 . . . Volleys Fired 152 | 27 61 32 32 Largest 2 | 2 2 2 2 Hottest 173 | 40 80 60 173 Shots Fired 282 | 54 111 53 64 Gun 258 | 54 87 53 64 Cannon 24 | . 24 . . Launcher . | . . . . Special . | . . . . Kinetic 222 | 54 87 49 32 Thermal 60 | . 24 4 32 Explosive . | . . . . Electromagnetic . | . . . . Robot Hit Streak 49 | 27 43 27 49 Robot Miss Streak 2 | 2 1 1 . Penetration Max . | . . . . Secondary Targets 2 | . . 1 1 Max Gunslinging Chain 1 | . . 1 1 Shots Hit Robots 231 | 48 89 49 45 Core Hits 84 | 17 39 16 12 Critical Kills . | . . . . Critical Parts Destroyed 1 | 1 . . . Critical Strikes 1 | 1 . . . Destroy 1 | 1 . . . Melee Attacks . | . . . . Impact . | . . . . Slashing . | . . . . Piercing . | . . . . Sneak Attacks . | . . . . Combat Hostiles . | . . . . Follow-up Attacks . | . . . . Damage Inflicted 2307 | 395 965 422 525 Guns 1898 | 393 558 422 525 Cannons 407 | . 407 . . Explosions . | . . . . Melee . | . . . . Ramming 2 | 2 . . . Kinetic 1522 | 393 558 389 182 Thermal 783 | . 407 33 343 Explosive . | . . . . Electromagnetic . | . . . . Impact . | . . . . Slashing . | . . . . Piercing . | . . . . Highest Corruption . | . . . . Average Corruption . | . . . . Corruption Purged . | . . . . Corruption Blocked . | . . . . Overload Shots 6 | . . . 6 Effects 1 | . . . 1 Heat Surge 1 | . . . 1 Overflow Damage . | . . . . Projectiles . | . . . . Explosions . | . . . . Melee . | . . . . Knockbacks . | . . . . Impact . | . . . . Kinetic . | . . . . Secondary . | . . . . Self-Inflicted Damage . | . . . . Shots . | . . . . Rammed 1 | 1 . . . Targets Rammed 1 | 1 . . . Kicked . | . . . . Crushed . | . . . . Highest Temperature 339 | . 243 57 339 Average Temperature 58 | . 67 27 73 Received Heat Transfer 780 | . 423 303 54 Effects 4 | . 4 . . Energy Bleed 1 | . 1 . . Interference 3 | . 3 . . Siege Activations . | . . . . Martial Activations . | . . . . Shielding Activations . | . . . . Robots Disrupted . | . . . . Combat Hostiles . | . . . . Robots Corrupted . | . . . . Combat Hostiles . | . . . . Parts Fried . | . . . . Impact Corruptions . | . . . . Robots Melted . | . . . . Combat Hostiles . | . . . . Parts Melted 2 | . . 1 1 Heat Transferred 1488 | . 851 75 562 Parts Sabotaged . | . . . . Parts Stolen . | . . . . Parts Stripped . | . . . . Power Chain Reactions . | . . . . Alert | -11 -10 -10 -10 ------- Run | Yrd Mat Min Sub Maximum Alert Level . | . . . . Low Security (%) 100 | 100 100 100 . Level 1 . | . . . . Level 2 . | . . . . Level 3 . | . . . . Level 4 . | . . . . Level 5 . | . . . . High Security . | . . . . Max Security . | . . . . Peak Influence 57 | 10 57 50 . Initial . | . . . . Average 5 | 1 7 4 . Influence Increases 582 | 50 357 155 20 Destroy 0b10 Robot/C 360 | . 220 120 20 Destroy 0b10 Robot/NC 95 | 50 40 5 . Destroy Leader 88 | . 58 30 . Successful Hack 35 | . 35 . . Disable Machine 4 | . 4 . . Influence Decreases 582 | 50 357 155 20 Time Decay 547 | 50 337 140 20 Lost Part 35 | . 20 15 . Squads Dispatched 1 | . 1 . . Investigation 1 | . 1 . . Extermination . | . . . . Reinforcement . | . . . . Assault . | . . . . Garrison . | . . . . Intercept . | . . . . Searches Triggered . | . . . . Construction Impeded . | . . . . Haulers Reinforced . | . . . . Active Scanning Responses . | . . . . Cargo Convoy Interrupts . | . . . . Stealth | -11 -10 -10 -10 --------- Run | Yrd Mat Min Sub Distress Signals . | . . . . Communications Jammed . | . . . . Distress Signals . | . . . . Times Spotted 29 | . 15 6 8 Peak Tracking Total 3 | . 2 2 3 Tactical Retreats . | . . . . Traps | -11 -10 -10 -10 ------- Run | Yrd Mat Min Sub Traps Triggered 3 | . 2 . 1 Indirectly . | . . . . Trap Hack Attempts . | . . . . Triggered . | . . . . Disarmed . | . . . . Reprogrammed . | . . . . Reused . | . . . . Traps Extracted . | . . . . Installed . | . . . . Triggered . | . . . . Machines | -11 -10 -10 -10 ---------- Run | Yrd Mat Min Sub Machines Disabled 1 | . 1 . . Max in Single Turn 1 | . 1 . . Machines Repaired . | . . . . Machines Dismantled . | . . . . Machines Sabotaged . | . . . . Overloaded Fab Kills . | . . . . Hacking | -11 -10 -10 -10 --------- Run | Yrd Mat Min Sub Machines Accessed 10 | . 8 . 2 Terminals 6 | . 6 . . Fabricators . | . . . . Repair Stations . | . . . . Recycling Units 2 | . 2 . . Scanalyzers . | . . . . Garrison Access . | . . . . Total Hacks 26 | . 23 . 3 Successful 15 | . 12 . 3 Failed 11 | . 11 . . Catastrophic 2 | . 2 . . Database Lockouts . | . . . . Manual 15 | . 15 . . Terminals 18 | . 18 . . Fabricators . | . . . . Repair Stations . | . . . . Recycling Units 5 | . 5 . . Scanalyzers . | . . . . Garrison Access . | . . . . Terminal Hacks 13 | . 10 . 3 Record 1 | . . . 1 Part Schematic 8 | . 8 . . Open Door 1 | . . . 1 Locate Traps 2 | . 2 . . Release Object 1 | . . . 1 Fabricator Hacks . | . . . . Repair Station Hacks . | . . . . Recycling Unit Hacks 2 | . 2 . . Retrieve Components 2 | . 2 . . Scanalyzer . | . . . . Garrison Access Hacks . | . . . . Unauthorized Hacks . | . . . . Terminals . | . . . . Fabricators . | . . . . Repair Stations . | . . . . Recycling Units . | . . . . Scanalyzers . | . . . . Garrison Access . | . . . . Data Cores Recovered . | . . . . Used . | . . . . Hacking Detections 7 | . 7 . . Full Trace Events 4 | . 4 . . Feedback Events . | . . . . Feedback Blocked . | . . . . Robot Schematics Acquired . | . . . . Robots Built . | . . . . Authchips . | . . . . Time . | . . . . Total Robot Build Rating . | . . . . Part Schematics Acquired 6 | . 6 . . Parts Built . | . . . . Authchips . | . . . . Time . | . . . . Total Part Build Rating . | . . . . Part Studies Acquired . | . . . . Parts Repaired . | . . . . Time . | . . . . Parts Recycled . | . . . . Recycled Matter . | . . . . Retrieved Matter . | . . . . Retrieved Components 13 | . 13 . . Parts Scanalyzed . | . . . . Part Schematics Acquired . | . . . . Parts Damaged . | . . . . Bothacking | -11 -10 -10 -10 ------------ Run | Yrd Mat Min Sub Used RIF Installer . | . . . . Robots Hacked . | . . . . Non-combat . | . . . . Combat . | . . . . Robot Hacks Applied . | . . . . Relay Couplers Released . | . . . . Fabnet Peak Effective % . | . . . . Robots Rewired . | . . . . Allies Hacked . | . . . . Hacks Repelled . | . . . . Allies | -11 -10 -10 -10 -------- Run | Yrd Mat Min Sub Total Allies 2 | . . 2 . Largest Group 2 | . . 2 2 Highest-Rated Group 53 | . . 53 53 Highest-Rated Ally 31 | . . 31 31 Total Orders . | . . . . Ally Attacks 11 | . . . 11 Total Damage 269 | . . . 269 Kills . | . . . . Allies Corrupted . | . . . . Allies Melted . | . . . . Intel | -11 -10 -10 -10 ------- Run | Yrd Mat Min Sub Active Infowar (turns) 1619 | . 154 720 745 Sensors 945 | . . 200 745 Structural 1619 | . 154 720 745 Robot Analysis Total . | . . . . Derelict Logs Recovered . | . . . . Drone Launches . | . . . . Drone Recoveries . | . . . . Exploration | -11 -10 -10 -10 ------------- Run | Yrd Mat Min Sub Turns Passed 2938 | 284 1189 720 745 Spaces Moved 1460 | 139 614 364 343 Core 23 | 21 2 . . Treads 1437 | 118 612 364 343 Legs . | . . . . Wheels . | . . . . Hover . | . . . . Flight . | . . . . Fastest Speed 50 | 50 150 160 160 Average Speed 158 | 143 159 160 160 Slowest Speed 160 | 160 160 160 160 Overloaded Moves . | . . . . Propulsion Burnouts . | . . . . Robots Hopped . | . . . . Potential Cave-ins . | . . . . Cave-ins Triggered . | . . . . Exploration Rate (%) 58 | 7 96 99 30 Regions Visited 3 Branch Regions 2 Pre-discovered Areas . | . . . . Known Exits Taken 3 | 1 1 1 . Unknown Exits Taken . | . . . . Scrap Searched 1 | . . 1 . Spaces Dug . | . . . . Terrain Destroyed . | . . . . Melee . | . . . . Projectile . | . . . . AOE . | . . . . Terrain Rammed . | . . . . Walls Destroyed . | . . . . Machines Disabled . | . . . . Actions | -11 -10 -10 -10 --------- Run | Yrd Mat Min Sub Total 1849 | 179 728 458 484 Wait 169 | . 23 54 92 Move 1457 | 138 613 363 343 Hop . | . . . . Pick Up 25 | 6 13 2 4 Fast Attach 10 | 3 4 3 . Attach 9 | 4 4 1 . Detach 2 | . 2 . . Swap 9 | . 3 1 5 Drop 15 | . 5 2 8 Fire 152 | 27 61 32 32 Melee . | . . . . Ram . | . . . . Kick . | . . . . Crush 1 | 1 . . . Escape Stasis . | . . . . Rewire . | . . . . Trap . | . . . . Miscellaneous . | . . . . Route ------- -11/Scrapyard -10/Materials (discovered 5 exits: *Mat x3 / *Min x2) -10/Mines (discovered 3 exits: *Mat x2 / *Sub) -10/Subcaves (discovered 2 exits: *Mat x2) History --------- Turn | Location | Event 13 | -11/Scrapyard | Identified exit to Materials 13 | -11/Scrapyard | Discovered exit to Materials (range 14) 285 | -11/Scrapyard | Entered Materials 285 | -10/Materials | Evolved 1 slot: Utility x1 293 | -10/Materials | Identified exit to Mines 293 | -10/Materials | Discovered exit to Mines (range 13) 305 | -10/Materials | Build established: Hacker-Mutant 440 | -10/Materials | Identified exit to Materials 440 | -10/Materials | Discovered exit to Materials (range 5) 666 | -10/Materials | Discovered exit to Materials (range 15) 900 | -10/Materials | Discovered exit to Materials (range 16) 1194 | -10/Materials | Discovered exit to Mines (range 9) 1474 | -10/Materials | Entered Mines 1537 | -10/Mines | Received a Rocket Launcher from a helpful Derelict 1725 | -10/Mines | Core integrity fell below 50% 1785 | -10/Mines | Core integrity fell below 20% 1833 | -10/Mines | Found a damaged Exp. Sensor Array with a note attached 1837 | -10/Mines | Found Prototype Device 1885 | -10/Mines | Discovered exit to Materials (range 10) 2128 | -10/Mines | Discovered exit to Materials (range 6) 2155 | -10/Mines | Identified exit to Subcaves 2155 | -10/Mines | Discovered exit to Subcaves (range 9) 2194 | -10/Mines | Entered Subcaves 2194 | -10/Subcaves | Accompanied by 2 allies 2195 | -10/Subcaves | Approached by a straggling Scientist 2199 | -10/Subcaves | Led the pair of lost Derelicts to an unsafe place 2270 | -10/Subcaves | Identified exit to Materials 2270 | -10/Subcaves | Discovered exit to Materials (range 5) 2445 | -10/Subcaves | Discovered exit to Materials (range 15) 2727 | -10/Subcaves | Shifting Twisted Machinery released Sub. Power Source 2777 | -10/Subcaves | Shifting Twisted Machinery released Scrap Shield 2924 | -10/Subcaves | A Subdweller sparked back to life 2924 | -10/Subcaves | A Subdweller sparked back to life 2924 | -10/Subcaves | A Subdweller sparked back to life 2939 | -10/Subcaves | Destroyed by EY-6I5(R) with Subdweller Machine Gun Last Messages --------------- >>Record "Subatomizer Containment" Subatomizers are really quite dangerous, especially when stimulated during the collection process in preparation for SEP insertion. Secure containment is priority number one! Although mostly just a persistent nuisance in their natural Subcaves environment where a certain balance has been achieved, there is a high probability that sudden introduction into previously unexposed areas could cause more extreme side effects. Take all precautions to prevent this from happening. ER-MUB(c): "I think it's somewhere east of here" 02924_ GZ-E4Z(R) creaks and sparks as it begins to move. 02924_ EY-6I5(R) creaks and sparks as it begins to move. 02924_ 8K-N7K(R) creaks and sparks as it begins to move. Map ----- +----------------------------------------------------+ | ?????????????????????????????????????????????????? | | ?????????????????????????????????????????????????? | | ?????????????????????????????????????????????????? | | ?????????????????????????????????????????????????? | | ?????????????????????????????????????????????????? | | ?????????????????????????????????????????????????? | | ?????????????????????????????????????????????????? | | ????????????##########???????????????????????????? | | ????????????##########???????????????????????????? | | ????????????##""""""##???????????????????????????? | | ????????????##"X""""##???????????????????????????? | | ????????????##" & ##???????????????????????????? | | ????????????##" ##???????????????????????????? | | ????????????##"""" "##???????????????????????????? | | ????????????###### ###???????????????????????????? | | ????????????####"" "##???????????????????????????? | | ????????????#### X###??????????????????????????? | | ????????????### ####??????????????????????????? | | ???????????### #### ###??########???????????????? | | ???????????#### ## ####?#########??????????????? | | ????#####??## ### ###?## ###?###??????????? | | ??########?## #### ##? ###?????????? | | ?##### ###### c### "##? ###?????????? | | ?### ##### #### ##?? ##?????????? | | ?## ###### ### ## " & ## ??????? | | ?##### ##### @# ## # ##??????? | | ?##### ##?### R ? ##??????? | | ????### ##?### # R # "" ###?????? | | ????### ###??## ### ### " ###????? | | ????### "####### " # ## ##????? | | ???#### ""###### " ### ????? | | ??#### """ ""### #### #????? | | ??### """######### ##????? | | ?###" " ## ""# ######## ####????? | | ?###" ""#### """ ????### ###?????? | | ?##" !""# ## "" ##### ##??????? | | ?##" """# # ? ######## #??????? | | ?##" "## ### ?????# #### ##??????? | | ### " "#"" "### ### ?????????## # ??????? | | ## ""## ##" """ ## ??????????# ## ????????? | | ### "### #""""# # ???????????######????????? | | ### ### ""#" ### ????????????#####?????????? | | ?###^"### " ## ###??????????????????????????? | | ?### #### [""""###??????????????????????????? | | ??# #### "" "###?????????????????????????? | | ??? ##?### ##*" " ##?????????????????????????? | | ??? ##?#### ## """" ?????????????????????????? | | ?? ?????### ## ????????????????????????? | | ????????## ###???????????????????????????? | | ????????## ## ? ??????????????????????? | +----------------------------------------------------+ Best States ------------- Heat Dissipation 25 Energy Generation 15 Energy Capacity 250 Matter Stores 300 Matter Capacity 300 Sight Range 16 Robot Scan Range 14 Terrain Scan Density 10 Resistance: KI 35 Resistance: TH 35 Resistance: EX 35 Resistance: EM 35 Resistance: I 35 Resistance: S 35 Resistance: P 35 Evasion (%) 50 Targeting Accuracy 10 Recoil Reduction 2 Offensive Hacking 20 Item Schematics ----------------- Cargo Storage Unit | -10/Materials | Hacked Huge Storage Unit | -10/Materials | Hacked Hcp. Storage Unit | -10/Materials | Hacked Lrg. Storage Unit | -10/Materials | Hacked Med. Storage Unit | -10/Materials | Hacked Sml. Storage Unit | -10/Materials | Hacked Robot Schematics ------------------ None Fabricated ------------ Nothing Repaired ---------- Nothing Studied --------- None Alien Tech Used ----------------- None Achievements -------------- None Challenges ------------ None Game ------ Seed ClaymoresAlloyMediator Manual? 0 Play Time 00:16:27 Cumulative 306.5 hours Start 2026.01.23 @ 12:31:47 End 2026.01.23 @ 12:44:58 Sessions 1 Manual Loads 0 Difficulty Explorer Special Mode None Game No. 474 Rogue 0 Adventurer 0 Explorer 474 Win Type - Total 0 Types 0/0/0/0/0/0/0/0/0/0 Lore% 76 Gallery% 70 Achievement% 56 Wizard Run 0 Options --------- Layout 1 ASCII 0 Keyboard 0 Movement Mouse Keybinds 1 Fullscreen 1 Font 24/Smallcaps Map View 50x35 Zoom Use 0% Tactical HUD 1 Map Filters NONE Filters NONE Steam 1 RUN: 8a27de72-1fe1-488a-8562-2f799a32ee24